 Dungeon Crawl Stone Soup version 0.29.1-12-g30fa7ad0bf (webtiles) character file.

Game seed: 17576964994356192571

79 raph the Caller (level 4, 0/30 HPs)
             Began as a Merfolk Summoner on Dec 23, 2022.
             Slain by a ball python (2 damage)
             ... on level 3 of the Dungeon.
             The game lasted 00:03:35 (3040 turns).

raph the Caller (Merfolk Summoner)                  Turns: 3040, Time: 00:03:36

Health: 0/30       AC:  2    Str:  8    XL:     4   Next: 38%
Magic:  2/7        EV:  9    Int: 16    God:
Gold:   113        SH:  0    Dex: 14    Spells: 1/7 levels left

rFire   . . .      SeeInvis .   d - +0 dagger
rCold   . . .      Faith    .   (no shield)
rNeg    . . .      Spirit   .   a - +0 robe
rPois   .          Reflect  .   (no helmet)
rElec   .          Harm     .   (no cloak)
rCorr   .          Rampage  .   (no gloves)
Will    .....                   (no boots)
Stlth   ++........              (no amulet)
HPRegen 0.10/turn               (no ring)
MPRegen 0.10/turn               (no ring)

@: about to teleport, constricted
A: (nimble swimmer 2), mertail
a: no special abilities


You were on level 3 of the Dungeon.
You visited 1 branch of the dungeon, and saw 3 of its levels.

You collected 113 gold pieces.

Inventory:

Hand Weapons
 d - a +0 dagger (weapon)
Armour
 a - a +0 robe (worn)
Wands
 f - a wand of flame (30)
Scrolls
 c - a scroll of vulnerability
 e - a scroll of identify
Potions
 b - a potion of magic
 h - a potion of mutation
 i - a potion of resistance
 l - a potion of might


   Skills:
 - Level 2.6 Dodging
 - Level 2.1 Stealth
 - Level 2.0 Spellcasting
 + Level 5.7 Summonings


You had one spell level left.
You knew the following spells:

 Your Spells              Type           Power      Damage    Failure   Level
a - Summon Small Mammal   Summ           80%        N/A       1%          1
b - Call Imp              Summ           20%        N/A       3%          2
c - Call Canine Familiar  Summ           20%        N/A       6%          3

Your spell library contained the following spells:

 Spells                   Type           Power      Damage    Failure   Level
 Summon Guardian Golem    Hex/Summ       10%        N/A       19%         3
 Summon Lightning Spire   Summ/Air       10%        N/A       54%         4


Dungeon Overview and Level Annotations

Branches:
Dungeon (3/15)

Altars:


Innate Abilities, Weirdness & Mutations

((You are very nimble when in or above water. (Stealth+, EV+, Speed+++)))
Your lower body shifts to a powerful aquatic tail in water.


Message History

The orc hits your quokka with a +0 hand axe.
Your quokka dies!
Your quokka's corpse disappears in a puff of smoke!
The orc attacks as you move away! The orc barely misses you.
Your hound bites the jelly.
Your hound is burned by acid!
Your hound bites the jelly.
Your hound is burned by acid!
Your hound dies!
Your hound's corpse disappears in a puff of smoke!
An orc comes into view. It is wielding a +0 flail.
Something closely misses your crimson imp. x2
You swap places.
An orc comes into view. It is wielding a +0 falchion.
Found a stone staircase leading up.
The orc barely misses your crimson imp.
Your crimson imp hits the orc.
The orc dies!
The orc moves out of view.
You hit the ball python but do no damage.
The ball python is heavily wounded.
The ball python closely misses you. The ball python misses you.
Your crimson imp blinks!
The orc closely misses you. The ball python closely misses you.
The ball python grabs you. The ball python constricts you.
You escape the ball python's grasp.
The orc attacks as you move away! The orc hits you with a +0 flail!
* * * LOW HITPOINT WARNING * * *
The orc attacks as you move away! The orc closely misses you.
The orc attacks as you move away! The orc barely misses you.
There is a stone staircase leading up here.
The ball python bites you.
* * * LOW HITPOINT WARNING * * *
The ball python grabs you.
You stop ascending the stairs.
The ball python constricts you.
* * * LOW HITPOINT WARNING * * *
The orc barely misses you.
As you read the scroll of teleportation, it crumbles to dust.
You feel strangely unstable. The ball python bites you.
You die...

....... #. ####.##..#
.....♣.
........####.#.....
...............≈..
##.##.......)...§§
##.###........#....♣.♣.
........o...#.#........
#@SJ.o...$..≈...≈
#..##..#5#.....♣..
#...##..#§#5§.≈...≈
#....##..#)#S.......
#.......#.#.#.h..♣.♣.
#......#.#.#.#........
#.......#.#.#.#.....≈..
........#.#.#5†........
.........#..........♣.♣.§


You could see a jelly, 2 orcs, a ball python (ally target) and a friendly
crimson imp (summoned).

Vanquished Creatures
  A dart slug (D:1)
  2 endoplasms
  A giant cockroach (D:2)
  5 goblins
  A hobgoblin (D:2)
  A quokka (D:1)
  2 bats
  2 frilled lizards (D:1)
  3 rats
18 creatures vanquished.

Vanquished Creatures (collateral kills)
  4 adders
  2 orcs (D:3)
  An endoplasm (D:3)
  3 giant cockroaches
  3 goblins
  A kobold (D:1)
  2 ball pythons
  A bat (D:2)
  A frilled lizard (D:1)
  4 rats
  A spectral hobgoblin (D:1)
23 creatures vanquished.

Vanquished Creatures (others)
  6 plants (D:2)
6 creatures vanquished.

Grand Total: 47 creatures vanquished

Notes
Turn   | Place    | Note
-------+----------+-------------------------------------------
     0 | D:1      | raph the Merfolk Summoner began the quest for the Orb.
     0 | D:1      | Reached XP level 1. HP: 13/13 MP: 3/3
    96 | D:1      | Found a faded altar of an unknown god.
   419 | D:1      | Reached XP level 2. HP: 12/19 MP: 1/5
  1274 | D:2      | Reached XP level 3. HP: 24/24 MP: 6/6
  1277 | D:2      | Learned a level 2 spell: Call Imp
  1281 | D:2      | Learned a level 3 spell: Call Canine Familiar
  1330 | D:2      | Reached skill level 5 in Summonings
  2827 | D:3      | Reached XP level 4. HP: 30/30 MP: 1/7
  3040 | D:3      | Slain by a ball python

Illustrated notes

Levels and vault maps discovered:
D:1:      saegor_arrival_simple_c, layout_basic,
          dreamdust_ecumenical_altar_drowned_temple
D:2:      layout_loops_ring, serial_bayou, serial_bayou_lagoon_b,
          serial_bayou_crossing, serial_bayou_shore_a, serial_bayou_lagoon_a
D:3:      wad_pebble_path, layout_basic, nrook_uturn,
          nicolae_kite_square_tiling_tiny

Skill      XL: |  1  2  3 |
---------------+----------+-----
Summonings     | 5 |  5.7
Dodging        | |  2.6
Stealth        | |  2.1
Spellcasting   | |  2.0

Action                   |  1- 3 |  4- 6 || total
-------------------------+-------+-------++-------
Melee: Dagger            |    59 |     9 ||    68
       Unarmed           |     4 |       ||     4
 Cast: Summon Small Mamm |    18 |     4 ||    22
       Call Imp          |     9 |     2 ||    11
       Call Canine Famil |     4 |     2 ||     6
  Use: Scroll            |    12 |     1 ||    13
 Stab: Sleeping          |    11 |       ||    11
       Distracted        |     1 |       ||     1
Armor: Robe              |    23 |     5 ||    28
Dodge: Dodged            |    49 |    12 ||    61
